woodfighter, chaotic female human Barbarian --------- --------------- |.......| #..H...........| ##........| #|..x..........| # .(......| #|.^...........| ### |..*...(| #|......YY......Y@### # -.------- #------------|-- # # # ### #### ### # # # # # # ### ### -------# # ## |....%-# -|---- #*# |.....| |[...| # )## |...>..#####|...)| --|---|------- |.....| |<...| .**)*********| ------- ------ |************| |*********[**| -------------- woodfighter the Brigand Experience level: 11 Strength: 18/02 Dexterity: 15 Constitution: 18 Intelligence: 8 Wisdom: 8 Charisma: 6 Health: 0(119) Energy: 24(24) Def: 10 Gold: 0 Moves: 18040 Dungeon seed: CGmtRlbmDqGKFkEZ Game ID: woodfighter_1444819468 Your Inventory: Amulets D - an uncursed amulet of reflection (being worn) Weapons a - a rusty +0 battle-axe p - 10 +0 daggers (in quiver) Armor r - an uncursed +0 pair of leather gloves (being worn) v - a blessed +2 dwarvish cloak (being worn) N - an uncursed thoroughly rusty +0 dwarvish iron helm (being worn) V - an uncursed +0 pair of speed boots (being worn) W - an uncursed +0 dwarvish mithril-coat (being worn) Comestibles b - an uncursed sprig of wolfsbane k - an uncursed pear A - an uncursed tin of sasquatch meat K - an uncursed tin of fire giant meat L - 3 uncursed tripe rations O - an uncursed lichen corpse P - an uncursed tin of wood nymph meat S - an uncursed lizard corpse Scrolls H - an uncursed scroll of earth Potions B - an uncursed potion of extra healing E - an uncursed potion of object detection Rings j - an uncursed ring of invisibility (on left hand) Wands d - a cursed wand of digging (0:7) F - a blessed wand of teleportation (0:6) G - a wand of magic missile (0:6) I - a wand of undead turning (0:7) R - a wand of fire (0:2) U - a wand of magic missile (0:4) Tools e - a +0 unicorn horn f - an uncursed skeleton key n - a cursed sack x - a cursed thoroughly rusty +0 pick-axe (weapon in hand) z - an uncursed magic whistle C - an uncursed tallow candle (0:200) Q - an uncursed towel Gems h - a cursed luckstone q - an uncursed touchstone Spells and supernatural/magical abilities: Name Level Category Fail Memory W - pray for help -- divine ? -- Your skills at the end: Miscellaneous Skills bare handed combat [Basic] Weapon Skills axe [Master] short sword [Basic] Spellcasting Skills Final Attributes: You were piously aligned. You were fire resistant. You were poison resistant. You had wounded legs. You saw invisible. You were telepathic. You were invisible to others. You were very fast. You had reflection. You were unlucky. You had reduced luck. Bad luck did not time out for you. You are dead. Vanquished creatures: a nurse a golden naga a ghost 2 giant mimics an umber hulk a baby long worm 2 baby purple worms a long worm 2 stalkers an air elemental an earth elemental a black naga 3 wargs a small mimic a warhorse a quantum mechanic a troll a wood golem a pyrolisk 2 large dogs a freezing sphere 3 tengu 2 chameleons a leocrotta 3 giants a pit viper 2 wraiths 27 cockatrices a winter wolf cub a lynx a panther 4 leprechauns a quivering blob a spotted jelly 7 lizards 2 orc-captains a mumak 5 giant spiders a scorpion 3 horses an ice vortex a black light 2 vampire bats 3 gnome kings 3 orc mummies a dwarf mummy 4 brown puddings a rust monster a gold golem a werewolf a Green-elf a chickatrice 2 dogs 5 dwarf lords 3 water nymphs 3 white unicorns 2 gray unicorns 4 dust vortices 3 ravens 3 snakes 7 apes 5 human zombies a rope golem a Woodland-elf 5 soldier ants 2 fire ants a bugbear 2 imps a baby crocodile 2 wood nymphs 7 Mordor orcs 3 Uruk-hai 14 orc shamans a rock mole 3 rock piercers 2 ponies a fog cloud 3 yellow lights 2 shriekers 4 violet fungi 12 gnome lords 3 gnomish wizards 2 kobold mummies a red naga hatchling a golden naga hatchling a guardian naga hatchling 3 gray oozes 8 elf zombies 5 paper golems 4 little dogs 5 floating eyes a kitten 30 dwarves a homunculus a kobold lord 4 kobold shamans 2 iguanas 13 hill orcs 5 rothes 3 centipedes a giant bat 4 monkeys 2 orc zombies 9 dwarf zombies 3 wererats 2 werejackals 11 killer bees 3 coyotes 5 gas spores 5 hobbits 2 geckos 3 hobgoblins 12 giant rats 6 cave spiders a brown mold 2 yellow molds a green mold 4 red molds 61 gnomes 5 garter snakes 22 manes a gnome zombie 13 jackals 11 newts 4 goblins 9 sewer rats 11 grid bugs 8 bats 8 lichens a kobold zombie 541 creatures vanquished. Voluntary challenges: You had been an atheist until turn 2946. You used a wielded weapon 847 times, starting on turn 164. You read items or engraved 13 times, starting on turn 3686. You never genocided any monsters. You never polymorphed an object. You never changed form. You completed Sokoban on turn 12382, according to the rules. You used no wishes. You split 2 puddings, starting on turn 4035. You wrote Elbereth's name 2 times, starting on turn 3687. You violated your moral code, losing 6 points of alignment, starting on turn 850. Dungeon overview: The Dungeons of Doom: levels 1 to 20 Level 1 some fountains a long staircase Level 2 a fountain stairs to The Gnomish Mines Level 3 a general store Level 4 Level 5 a fountain Level 6 a bookstore, a fountain Level 7 a fountain Level 8 many fountains Level 9 stairs to Sokoban Level 10 some fountains Level 11 a fountain Level 12 (vault) an altar to Set, a fountain Level 13 a temple to Set Level 14 a temple to Set portal to The Quest Level 15 Level 16 some fountains Level 17 (rogue) Level 18 a fountain Level 19 (vault) <- You were here Level 20 The Gnomish Mines: levels 3 to 11 Level 3 stairs to The Dungeons of Doom Level 4 Level 5 Level 6 many shops, a temple to Mitra, a magic chest, some fountains Level 7 Level 8 Level 9 Level 10 Level 11 many altars to Moloch, some fountains The Quest: Level 1 portal to The Dungeons of Doom Sokoban: levels 5 to 8 Level 5 a magic chest Level 6 Level 7 Level 8 a magic chest stairs to The Dungeons of Doom History has recorded: On T:1 you entered the Dungeons of Doom to retrieve the Amulet of Yendor! On T:168 you reached level 2 of The Dungeons of Doom. On T:502 you advanced to experience level 2. On T:753 you reached level 1 of The Gnomish Mines. On T:858 you reached level 3 of The Dungeons of Doom. On T:980 you advanced to experience level 3. On T:1050 you reached level 2 of The Gnomish Mines. On T:1103 you advanced to experience level 4. On T:1344 you advanced to experience level 5. On T:1474 you reached level 3 of The Gnomish Mines. On T:1570 you advanced to experience level 6. On T:2712 you reached level 4 of The Gnomish Mines. On T:2916 you advanced to experience level 7. On T:2926 you entered the Minetown temple On T:3624 you opened a magic chest. On T:3624 you opened a magic chest. On T:3793 you opened a magic chest. On T:3794 you opened a magic chest. On T:3935 you opened a magic chest. On T:4115 you reached level 5 of The Gnomish Mines. On T:4249 you reached level 6 of The Gnomish Mines. On T:4255 you advanced to experience level 8. On T:4558 you reached level 7 of The Gnomish Mines. On T:4734 you opened a magic chest. On T:4747 you opened a magic chest. On T:5043 you advanced to experience level 9. On T:5053 you reached level 8 of The Gnomish Mines. On T:5145 you reached level 9 of The Gnomish Mines. On T:5145 you reached the bottom of the Mines. On T:7326 you opened a magic chest. On T:7335 you opened a magic chest. On T:7347 you opened a magic chest. On T:7431 you opened a magic chest. On T:7912 you reached level 4 of The Dungeons of Doom. On T:8021 you reached level 5 of The Dungeons of Doom. On T:8459 you reached level 6 of The Dungeons of Doom. On T:8513 you reached level 7 of The Dungeons of Doom. On T:8692 you advanced to experience level 10. On T:9215 you reached level 8 of The Dungeons of Doom. On T:9867 you reached level 9 of The Dungeons of Doom. On T:9916 you reached level 4 of Sokoban. On T:9945 you opened a magic chest. On T:9947 you opened a magic chest. On T:10163 you reached level 3 of Sokoban. On T:10788 you reached level 2 of Sokoban. On T:11189 you reached level 1 of Sokoban. On T:12382 you advanced to experience level 11. On T:12382 you entered the Sokoban zoo. On T:12693 you opened a magic chest. On T:12696 you opened a magic chest. On T:12698 you opened a magic chest. On T:12700 you opened a magic chest. On T:12765 you reached level 10 of The Dungeons of Doom. On T:13212 you reached level 11 of The Dungeons of Doom. On T:13291 you reached level 12 of The Dungeons of Doom. On T:14100 you reached level 13 of The Dungeons of Doom. On T:14499 you opened a magic chest. On T:14501 you opened a magic chest. On T:14504 you opened a magic chest. On T:14505 you opened a magic chest. On T:14505 you opened a magic chest. On T:14756 you opened a magic chest. On T:14757 you opened a magic chest. On T:14757 you opened a magic chest. On T:14983 you reached level 14 of The Dungeons of Doom. On T:15205 you reached level 15 of The Dungeons of Doom. On T:15284 you reached level 1 of The Quest. On T:15382 you reached level 16 of The Dungeons of Doom. On T:15693 you reached level 17 of The Dungeons of Doom. On T:16078 you reached level 18 of The Dungeons of Doom. On T:16411 you reached level 19 of The Dungeons of Doom. On T:16504 you reached level 20 of The Dungeons of Doom. Score breakdown: Gold: 0 ( 0 points) Experience: 11 levels ( 1000 points) Exploration: 20 levels ( 570 points) Discoveries: 26 items ( 1300 points) Variety of kills: 130 monsters ( 2000 points) Major goal: Sokoban/Mines ( 1500 points) Survival: died (score multiplied by 3) Total score: 19110 Latest messages: The ape hits! (2x) The ape bites! Your movements are now unencumbered. You put a yellow spellbook into the bag called holding. You rebalance your load. Movement is still difficult. You put a tan spellbook into the bag called holding. You put a wrinkled spellbook into the bag called holding. Your movements are only slowed slightly by your load. You cannot stash something you are wearing. You put a cursed clay ring into the magic chest. You put an uncursed coral ring into the magic chest. You put an uncursed engagement ring into the magic chest. You put a cursed iron ring into the magic chest. You put an uncursed ring of see invisible into the magic chest. You put an uncursed twisted ring into the magic chest. You put an uncursed unicorn horn into the magic chest. (2x) Your movements are now unencumbered. You sold an uncursed dwarvish cloak for 25 gold pieces. You smite the owlbear. The owlbear hits! (2x) You die... The sack is empty. The sack is empty. Final status: Goodbye woodfighter the Barbarian, killed by an owlbear... You died in The Dungeons of Doom on dungeon level 19 with 19110 points, and 0 pieces of gold, after 18040 moves. You were level 11 with a maximum of 119 hit points when you died.